MLB
WASHINGTON NATIONALS @ MIAMI MARLINS
05/27/2018
 
TOP OF THE 1ST
Washington Nationals batting - Pitching for Miami Marlins : RHP Yovani Gallardo
Pitching: RHP Yovani Gallardo
Batting: LHB Joe Panik 0-0: Swinging Strike
0-1: Ground out 6-3 (Groundball, 6S)
Batting: LHB Andrew Benintendi 0-0: Called Strike
0-1: Called Strike
0-2: Fly out, F8 (Flyball, 78D)
Batting: RHB Marcell Ozuna 0-0: Ground out 1-3 (Groundball, 23)
Top of the 1st over - 0 runs, 0 hits, 0 errors, 0 left on base; Washington 0 - Miami 0
BOTTOM OF THE 1ST
Miami Marlins batting - Pitching for Washington Nationals : RHP Brandon Woodruff
Pitching: RHP Brandon Woodruff
Batting: LHB Adam Frazier 0-0: SINGLE (Line Drive, 6D)
Batting: RHB Javier Baez 0-0: Ball
1-0: Called Strike
1-1: Called Strike
1-2: Ball
2-2: Ball
3-2: Strikes out swinging
Batting: SHB Francisco Lindor 0-0: Fielders Choice at 2nd, 6-4 (Groundball, 6)
Batting: RHB Yasmany Tomas 0-0: Called Strike
0-1: Ball
1-1: Reached on error, E6 (Groundball, 6)
Francisco Lindor to second
Batting: LHB Max Kepler 0-0: Foul Ball, location: 2F
0-1: Ball
1-1: Ball
2-1: Foul Ball, location: 2F
2-2: Ball
3-2: SINGLE (Line Drive, 56D)
Francisco Lindor to third
Yasmany Tomas to second
Francisco Lindor scores
Yasmany Tomas to third
Batting: RHB C.J. Cron 0-0: Ball
1-0: Ball
2-0: Ground out 4-3 (Groundball, 4)
Bottom of the 1st over - 1 run, 2 hits, 1 error, 2 left on base; Washington 0 - Miami 1
TOP OF THE 2ND
Washington Nationals batting - Pitching for Miami Marlins : RHP Yovani Gallardo
Batting: RHB Yulieski Gurriel 0-0: Ball
1-0: DOUBLE (Line Drive, 78XD)
Batting: LHB Yonder Alonso 0-0: Ball
1-0: Swinging Strike
1-1: Called Strike
1-2: Ball
2-2: Strikes out swinging
Batting: RHB Chris Taylor 0-0: Ball
1-0: Ground out 1-3 (Groundball, 13S)
Yulieski Gurriel to third
Batting: SHB Aaron Hicks 0-0: Ball
1-0: Foul Ball, location: 2F
1-1: Ball
2-1: Swinging Strike
2-2: Strikes out looking
Top of the 2nd over - 0 runs, 1 hit, 0 errors, 1 left on base; Washington 0 - Miami 1
BOTTOM OF THE 2ND
Miami Marlins batting - Pitching for Washington Nationals : RHP Brandon Woodruff
Batting: RHB David Wright 0-0: Ball
1-0: Ball
2-0: Ball
3-0: Called Strike
3-1: Base on Balls
Batting: RHB Francisco Pena 0-0: Called Strike
0-1: Called Strike
0-2: Strikes out swinging
Batting: RHB Yovani Gallardo 0-0: Ball
1-0: Sac Bunt to 25 - play at first, batter OUT! 5-4
David Wright to second
Batting: LHB Adam Frazier 0-0: Ball
1-0: Foul Ball, location: 2F
1-1: Ground out 4-3 (Groundball, 4M)
Bottom of the 2nd over - 0 runs, 0 hits, 0 errors, 1 left on base; Washington 0 - Miami 1
TOP OF THE 3RD
Washington Nationals batting - Pitching for Miami Marlins : RHP Yovani Gallardo
Batting: LHB Brandon Woodruff 0-0: Ball
1-0: Called Strike
1-1: Ball
2-1: Ball
3-1: Called Strike
3-2: Foul Ball, location: 2F
3-2: Strikes out looking
Batting: RHB Tom Murphy 0-0: Called Strike
0-1: Ball
1-1: Called Strike
1-2: Ball
2-2: Foul Ball, location: 2F
2-2: SINGLE (Groundball, 6D)
Batting: LHB Joe Panik 0-0: Called Strike
0-1: SINGLE (Line Drive, 78S)
Tom Murphy to second
Batting: LHB Andrew Benintendi 0-0: Called Strike
0-1: Grounds into double play, 1-6-3 (Groundball, 34S)
Top of the 3rd over - 0 runs, 2 hits, 0 errors, 1 left on base; Washington 0 - Miami 1
BOTTOM OF THE 3RD
Miami Marlins batting - Pitching for Washington Nationals : RHP Brandon Woodruff
Batting: RHB Javier Baez 0-0: Ball
1-0: Called Strike
1-1: Ball
2-1: Ball
3-1: Foul Ball, location: 2F
3-2: Fly out, F8 (Flyball, 8LD)
Batting: SHB Francisco Lindor 0-0: Called Strike
0-1: Ball
1-1: Ground out 4-3 (Groundball, 4)
Batting: RHB Yasmany Tomas 0-0: Ball
1-0: Called Strike
1-1: Ground out 3-1 (Groundball, 34)
Bottom of the 3rd over - 0 runs, 0 hits, 0 errors, 0 left on base; Washington 0 - Miami 1
TOP OF THE 4TH
Washington Nationals batting - Pitching for Miami Marlins : RHP Yovani Gallardo
Batting: RHB Marcell Ozuna 0-0: Ball
1-0: Foul Ball, location: 2F
1-1: Ball
2-1: Fly out, F7 (Flyball, 7LMF)
Batting: RHB Yulieski Gurriel 0-0: Ball
1-0: Called Strike
1-1: SINGLE (Line Drive, 6MD)
Batting: LHB Yonder Alonso 0-0: Called Strike
0-1: Ball
1-1: SINGLE (Groundball, 4MD)
Yulieski Gurriel to second
Runner from 2nd tries for 3rd, SAFE, no throw by CF
Batting: RHB Chris Taylor 0-0: Called Strike
0-1: Called Strike
0-2: Ball
1-2: Strikes out swinging
Batting: SHB Aaron Hicks 0-0: Ball
1-0: Swinging Strike
1-1: Ground out 4-3 (Groundball, 4D)
Top of the 4th over - 0 runs, 2 hits, 0 errors, 2 left on base; Washington 0 - Miami 1
BOTTOM OF THE 4TH
Miami Marlins batting - Pitching for Washington Nationals : RHP Brandon Woodruff
Batting: LHB Max Kepler 0-0: Fly out, F8 (Flyball, 8LXD)
Batting: RHB C.J. Cron 0-0: Called Strike
0-1: Swinging Strike
0-2: Foul Ball, location: 2F
0-2: Fly out, F9 (Flyball, 9)
Batting: RHB David Wright 0-0: Called Strike
0-1: Ball
1-1: Called Strike
1-2: Foul Ball, location: 2F
1-2: Ball
2-2: Foul Ball, location: 2F
2-2: Strikes out looking
Bottom of the 4th over - 0 runs, 0 hits, 0 errors, 0 left on base; Washington 0 - Miami 1
TOP OF THE 5TH
Washington Nationals batting - Pitching for Miami Marlins : RHP Yovani Gallardo
Batting: LHB Brandon Woodruff 0-0: Ground out 4-3 (Groundball, 4)
Batting: RHB Tom Murphy 0-0: Ball
1-0: Called Strike
1-1: Ball
2-1: Foul Ball, location: 2F
2-2: Strikes out swinging
Batting: LHB Joe Panik 0-0: Ball
1-0: Fly out, F9 (Line Drive, 9D)
Top of the 5th over - 0 runs, 0 hits, 0 errors, 0 left on base; Washington 0 - Miami 1
BOTTOM OF THE 5TH
Miami Marlins batting - Pitching for Washington Nationals : RHP Brandon Woodruff
Batting: RHB Francisco Pena 0-0: Ball
1-0: Called Strike
1-1: Ground out 4-3 (Groundball, 4)
Batting: RHB Yovani Gallardo 0-0: Ball
1-0: Foul Ball, location: 2F
1-1: Foul Ball, location: 2F
1-2: Foul Ball, location: 2F
1-2: Strikes out looking
Batting: LHB Adam Frazier 0-0: Foul Ball, location: 2F
0-1: SOLO HOME RUN (Flyball, 9LD), Distance : 340 ft
Batting: RHB Javier Baez 0-0: Foul Ball, location: 2F
0-1: Fly out, F8 (Flyball, 78D)
Bottom of the 5th over - 1 run, 1 hit, 0 errors, 0 left on base; Washington 0 - Miami 2
TOP OF THE 6TH
Washington Nationals batting - Pitching for Miami Marlins : RHP Yovani Gallardo
Batting: LHB Andrew Benintendi 0-0: Ball
1-0: Ball
2-0: SINGLE (Groundball, 56D)
Batting: RHB Marcell Ozuna 0-0: Ball
1-0: Ball
2-0: Called Strike
2-1: Foul Ball, location: 2F
2-2: Foul Ball, location: 2F
2-2: Foul Ball, location: 2F
2-2: Grounds into double play, 6-4-3 (Groundball, 6M)
Batting: RHB Yulieski Gurriel 0-0: Foul Ball, location: 2F
0-1: Ball
1-1: Fly out, F7 (Flyball, 78M)
Top of the 6th over - 0 runs, 1 hit, 0 errors, 0 left on base; Washington 0 - Miami 2
BOTTOM OF THE 6TH
Miami Marlins batting - Pitching for Washington Nationals : RHP Brandon Woodruff
Batting: SHB Francisco Lindor 0-0: Swinging Strike
0-1: Called Strike
0-2: Ball
1-2: Strikes out swinging
Batting: RHB Yasmany Tomas 0-0: Swinging Strike
0-1: Ball
1-1: Ball
2-1: Swinging Strike
2-2: Fly out, F7 (Flyball, 7)
Batting: LHB Max Kepler 0-0: Called Strike
0-1: Swinging Strike
0-2: Ball
1-2: Ball
2-2: Strikes out looking
Bottom of the 6th over - 0 runs, 0 hits, 0 errors, 0 left on base; Washington 0 - Miami 2
TOP OF THE 7TH
Washington Nationals batting - Pitching for Miami Marlins : RHP Yovani Gallardo
Batting: LHB Yonder Alonso 0-0: Ball
1-0: Ball
2-0: Ball
3-0: Base on Balls
Batting: RHB Chris Taylor 0-0: Foul Ball, location: 2F
0-1: Swinging Strike
0-2: Foul Ball, location: 2F
0-2: SINGLE (Flyball, 7LS)
Yonder Alonso to second
Batting: SHB Aaron Hicks 0-0: Fielders Choice at 2nd, 4-6 (Groundball, 4)
Yonder Alonso to third
Batting: LHB Brandon Woodruff 0-0: Called Strike
Aaron Hicks to 3rd
Yonder Alonso scores
Aaron Hicks to third
0-1: Ground out 4-3 (Groundball, 4)
Batting: RHB Tom Murphy 0-0: Ball
1-0: Fly out, F8 (Line Drive, 8LM)
Top of the 7th over - 1 run, 1 hit, 1 error, 1 left on base; Washington 1 - Miami 2
BOTTOM OF THE 7TH
Miami Marlins batting - Pitching for Washington Nationals : RHP Brandon Woodruff
Batting: RHB C.J. Cron 0-0: Ball
1-0: Foul Ball, location: 2F
1-1: Foul Ball, location: 2F
1-2: Fly out, F8 (Flyball, 8LXD)
Batting: RHB David Wright 0-0: Called Strike
0-1: Swinging Strike
0-2: Ball
1-2: Foul Ball, location: 2F
1-2: Strikes out swinging
Batting: RHB Francisco Pena 0-0: Called Strike
0-1: Called Strike
0-2: SINGLE (Groundball, 25) (infield hit)
Pinch Hitting: RHB Ian Desmond 0-0: Called Strike
0-1: Swinging Strike
0-2: Ball
1-2: Foul Ball, location: 2F
1-2: Ball
2-2: Strikes out looking
Bottom of the 7th over - 0 runs, 1 hit, 0 errors, 1 left on base; Washington 1 - Miami 2
TOP OF THE 8TH
Washington Nationals batting - Pitching for Miami Marlins : RHP Yovani Gallardo
Pitching: RHP George Kontos
Batting: LHB Joe Panik 0-0: Swinging Strike
0-1: SINGLE (Line Drive, 78M)
Batting: LHB Andrew Benintendi 0-0: Sac Bunt to P - play at first, batter OUT! 1-4
Joe Panik to second
Batting: RHB Marcell Ozuna 0-0: Foul Ball, location: 2F
0-1: Swinging Strike
0-2: Ball
1-2: Ball
2-2: Foul Ball, location: 2F
2-2: Foul Ball, location: 2F
2-2: Ball
3-2: Fly out, F8 (Flyball, 8RS)
Batting: RHB Yulieski Gurriel 0-0: Called Strike
0-1: Foul Ball, location: 2F
0-2: DOUBLE (Line Drive, 78XD)
Joe Panik scores
Batting: LHB Yonder Alonso 0-0: 2-RUN HOME RUN (Flyball, 7D), Distance : 393 ft
Pitching: RHP Craig Stammen
Batting: RHB Chris Taylor 0-0: Fly out, F9 (Flyball, 9D)
Top of the 8th over - 3 runs, 3 hits, 0 errors, 0 left on base; Washington 4 - Miami 2
BOTTOM OF THE 8TH
Miami Marlins batting - Pitching for Washington Nationals : RHP Brandon Woodruff
Pitching: RHP Dominic Leone
Batting: LHB Adam Frazier 0-0: Ball
1-0: Foul Ball, location: 2F
1-1: Fly out, F7 (Flyball, 78S)
Batting: RHB Javier Baez 0-0: Ground out 6-3 (Groundball, 6)
Batting: SHB Francisco Lindor 0-0: Called Strike
0-1: Foul Ball, location: 2F
0-2: Ball
1-2: Foul Ball, location: 2F
1-2: Ball
2-2: Ball
3-2: Foul Ball, location: 2F
3-2: Strikes out swinging
Bottom of the 8th over - 0 runs, 0 hits, 0 errors, 0 left on base; Washington 4 - Miami 2
TOP OF THE 9TH
Washington Nationals batting - Pitching for Miami Marlins : RHP Craig Stammen
Batting: SHB Aaron Hicks 0-0: Ball
1-0: Ball
2-0: SINGLE (Line Drive, 5D)
Pinch Hitting: RHB Steve Pearce 0-0: Fly out, F7 (Flyball, 7S)
Batting: RHB Tom Murphy 0-0: Swinging Strike
0-1: Ball
1-1: Called Strike
1-2: Foul Ball, location: 2F
1-2: Ball
2-2: SINGLE (Line Drive, 78S)
Aaron Hicks to second
Batting: LHB Joe Panik 0-0: Ball
1-0: Ball
2-0: Foul Ball, location: 2F
2-1: Foul Ball, location: 2F
2-2: Fly out, F6 (Line Drive, 6)
Batting: LHB Andrew Benintendi 0-0: Fly out, F7 (Flyball, 78D)
Top of the 9th over - 0 runs, 2 hits, 0 errors, 2 left on base; Washington 4 - Miami 2
BOTTOM OF THE 9TH
Miami Marlins batting - Pitching for Washington Nationals : RHP Dominic Leone
Pitching: RHP Joakim Soria
Batting: RHB Yasmany Tomas 0-0: SINGLE (Groundball, 56D)
Batting: LHB Max Kepler 0-0: Called Strike
0-1: Fly out, F9 (Flyball, 9LS)
Batting: RHB C.J. Cron 0-0: Called Strike
0-1: Ball
1-1: Swinging Strike
1-2: Strikes out swinging
Batting: RHB David Wright 0-0: Foul Ball, location: 2F
0-1: Swinging Strike
0-2: Foul Ball, location: 2F
0-2: Ball
1-2: Ball
2-2: Ball
3-2: DOUBLE (Line Drive, 89M)
Yasmany Tomas to third
Yasmany Tomas scores
Batting: RHB Francisco Pena 0-0: Ball
1-0: Ball
2-0: Ground out 5-3 (Groundball, 56S)
Bottom of the 9th over - 1 run, 2 hits, 0 errors, 1 left on base; Washington 4 - Miami 3
Tuesday, July 31st, 2018 - OOTP Baseball 19.7 Build 59